 Dungeon Crawl Stone Soup version 0.27-a0-1144-g0b7d3b79db (webtiles) character file.

Game seed: 6999160128200829388

3 neco the Firebug (level 1, -1/11 HPs)
             Began as an Octopode Fire Elementalist on May 10, 2021.
             Slain by a goblin
             ... wielding a +0 dagger
              (3 damage)
             ... on level 1 of the Dungeon.
             The game lasted 00:03:19 (426 turns).

neco the Firebug (Octopode Fire Elementalist)        Turns: 426, Time: 00:03:20

Health: -1/11      AC:  1    Str:  7    XL:     1   Next: 50%
Magic:  0/3        EV: 13    Int: 17    God:
Gold:   16         SH:  0    Dex: 12    Spells: 3/4 levels left

rFire    . . .     SeeInvis .   (no weapon)
rCold    . . .     Faith    .   (no shield)
rNeg     . . .     Spirit   .   (helmet restricted)
rPois    .         Reflect  .   (no amulet)
rElec    .         Harm     .   (no ring)
rCorr    .         Rampage  .   (no ring)
Will     .....                  (no ring)
Stlth    +++.......             (no ring)
HPRegen  0.03/turn              (no ring)
MPRegen  0.08/turn              (no ring)
                                (no ring)
                                (no ring)

@: no status effects
A: almost no armour, amphibious, 8 rings, camouflage 1, gelatinous body 1,
(nimble swimmer 1), tentacles
a: no special abilities


You were on level 1 of the Dungeon.
You visited 1 branch of the dungeon, and saw 1 of its levels.

You collected 16 gold pieces.

Inventory:

Missiles
 b - 14 poisoned darts
Potions
 a - a potion of might {unknown}
 c - 2 potions of curing {unknown}


   Skills:
 + Level 2.0 Dodging
 + Level 2.6 Stealth
 + Level 2.0 Spellcasting
 + Level 1.0 Conjurations
 + Level 3.2 Fire Magic


You had 3 spell levels left.
You knew the following spells:

 Your Spells              Type           Power      Damage    Failure   Level
a - Foxfire               Conj/Fire      32%        2x1d5     9%          1

Your spell library contained the following spells:

 Spells                   Type           Power      Damage    Failure   Level
 Conjure Flame            Conj/Fire      8%         6-21      24%         3
 Inner Flame              Hex/Fire       7%         N/A       30%         3
 Sticky Flame             Conj/Fire      8%         2d3       63%         4
 Fireball                 Conj/Fire      4%         3d4       92%         5


Dungeon Overview and Level Annotations

Branches:
Dungeon (1/15)

Altars:


Innate Abilities, Weirdness & Mutations

You cannot wear most types of armour.
You are amphibious.
You can wear up to eight rings at the same time.
Your skin changes colour to match your surroundings (Stealth+).
Your rubbery body absorbs attacks. (AC +1, EV +1)
((You are camouflaged near water. (Stealth+)))
You have tentacles for arms and can constrict up to eight enemies at once.


Message History

You kill the frilled lizard!
d - a scroll labelled ELA UM NOGEKA
c - 2 grey potions (gained 1) Drop what? 4/52 slots (_ for help) (? for menu, Esc to quit)
Okay, then.
As you read the scroll labelled ELA UM NOGEKA, it crumbles to dust.
You hear a loud clanging noise!
It was a scroll of noise.
You hear a shout!
You hear a bark! x2
Unknown command.
Unknown command.
A jackal comes into view.
A goblin comes into view. It is wielding a +0 dagger.
The jackal moves out of view.
Found an escape hatch in the floor.
A jackal comes into view.
A bat comes into view.
The bat moves out of view.
Found a stone staircase leading down.
A kobold comes into view. It is wielding a +0 whip.
You tentacle-slap the goblin but do no damage.
Your grab misses the goblin. The goblin hits you with a +0 dagger.
You closely miss the goblin. Your grab misses the goblin.
You squeeze the goblin, but do no damage.
The goblin hits you with a +0 dagger.
Casting: Foxfire (safe; 9% risk of failure)
Confirm with . or Enter, or press ? or * to list all spells.
You conjure some foxfire!
The goblin barely misses you.
Your foxfire dissipates!
The foxfire hits the goblin.
The goblin is moderately wounded.
You are too injured to fight recklessly!
Casting: Foxfire (safe; 9% risk of failure)
Confirm with . or Enter, or press ? or * to list all spells.
You conjure some foxfire!
The goblin hits you with a +0 dagger.
* * * LOW HITPOINT WARNING * * *
Your foxfire dissipates!
Casting: Foxfire (safe; 9% risk of failure)
Confirm with . or Enter, or press ? or * to list all spells.
You conjure some foxfire!
The goblin hits you with a +0 dagger.
You die...

..##.#.#
#.....#
..##.#.#
#...###
..##.#.#
##.##
..##.#.#
#.# .. #.#
#.# #.#
#v# #@#
#g# ##.#
#..#
>.#####.##
.....>..#
K.....###
....#. ...
#


You could see a goblin (ally target).

Vanquished Creatures
  A ball python (D:1)
  A quokka (D:1)
  A frilled lizard (D:1)
3 creatures vanquished.

Vanquished Creatures (others)
  2 foxfires (D:1)
2 creatures vanquished.

Grand Total: 5 creatures vanquished

Notes
Turn   | Place    | Note
-------+----------+-------------------------------------------
     0 | D:1      | neco the Octopode Fire Elementalist began the quest for the
                  | Orb.
     0 | D:1      | Reached XP level 1. HP: 11/11 MP: 3/3
   426 | D:1      | Slain by a goblin

Illustrated notes

Levels and vault maps discovered:
D:1:      dpeg_arrival_simpleton_b, layout_rooms,
          shapermc_ecumenical_altar_mp_highgroup

Action                   || total
-------------------------++-------
Melee: Unarmed           ||     7
       Tentacles         ||     3
       Constrict         ||     2
 Cast: Foxfire           ||     4
  Use: Scroll            ||     1
Dodge: Dodged            ||    10

Table legend: (Time is in decaauts)
 A = Elapsed time spent in this place.
 B = Non-inter-level travel time spent in this place.
 C = Inter-level travel time spent in this place.
 D = Time resting spent in this place.
 E = Time spent auto-exploring this place.
 F = Levels seen in this place.
 G = Mean time per level.
                   A        B        C        D        E       F      G
               +--------+--------+--------+--------+--------+-----+--------+
         Total |    426 |    426 |      0 |    248 |      0 |   1 |  426.0 |
       Dungeon |    426 |    426 |      0 |    248 |      0 |   1 |  426.0 |
               +--------+--------+--------+--------+--------+-----+--------+

Top non-repeatable levels by time:
     D:1: 426 daAuts
